Map: Triton LE

Players

Krystianer

  • Race: Protoss Protoss
  • League: Platinum
  • Spawn Location: 11:00

Gerald - Winner!

  • Race: Protoss Protoss
  • Spawn Location: 5:00

Event: IEM Katowice 2020

VOD

Have the link to the VOD?

Description

Time

  • Played on: Feb. 24, 2020, 5:50 a.m.
  • Length: 12:01

All games in this series

Show
View Real Time Build Order
Export as new Build Order

Krystianer Protoss 

Build Orders:  

Get SALT Encoding   

  12  0:00  Probe  
  13  0:12  Probe  
  14  0:17  Pylon  
  14  0:24  Probe (Chrono Boost)  
  16  0:36  Probe (Chrono Boost)  
  16  0:38  Gateway  
  16  0:43  Probe (Chrono Boost)  
  16  0:46  Assimilator  
  17  0:50  Probe  
  17  0:54  Assimilator  
  18  1:03  Probe (Chrono Boost)  
  19  1:09  Gateway  
  19  1:12  Probe (Chrono Boost)  
  19  1:17  Probe (Chrono Boost)  
  20  1:24  Cybernetics Core  
  21  1:29  Probe  
  22  1:33  Pylon  
  22  1:41  Probe  
  23  1:54  Probe  
  24  2:00  Adept x2  
  24  2:01  Warp Gate  
  28  2:12  Pylon  
  28  2:14  Robotics Facility  
  28  2:30  Stalker x2  
  32  2:41  Probe  
  32  2:59  Immortal (Chrono Boost)  
  32  3:03  Stalker x2  
  39  3:23  Pylon  
  38  3:32  Probe  
  33  3:44  Warp Prism  
  36  3:48  Probe  
  36  3:53  Sentry  
  38  4:00  Probe  
  39  4:03  Adept  
  39  4:09  Pylon  
  41  4:12  Probe  
  42  4:24  Probe  
  42  4:29  Stalker  
  42  4:30  Stalker  
  47  4:38  Probe  
  46  4:50  Probe  
  47  4:56  Stalker x2  
  51  5:03  Pylon  
  51  5:09  Probe  
  52  5:23  Immortal (Chrono Boost)  
  56  5:55  Immortal (Chrono Boost)  
  50  6:14  Adept  
  50  6:15  Adept  
  52  6:26  Immortal (Chrono Boost)  
  56  6:37  Adept x2  
  60  6:43  Pylon  
  60  6:58  Adept  
  62  7:02  Adept  
  64  7:13  Probe  
  59  7:18  Immortal (Chrono Boost)  
  63  7:23  Adept x2  
  67  7:32  Pylon  
  67  7:43  Sentry  
  67  7:44  Sentry  
  71  7:49  Pylon  
  69  8:07  Adept x2  
  57  8:17  Immortal  
  51  8:30  Stalker x2  
  55  8:53  Stalker  
  55  8:54  Stalker  
  59  9:17  Stalker x2  
  63  9:41  Adept x2  
  59  10:14  Nexus  
  59  10:17  Sentry  
  59  10:20  Sentry  
  61  10:27  Probe  
  60  10:44  Probe (Chrono Boost), Sentry x2  
  65  10:56  Probe (Chrono Boost)  
  58  11:15  Stalker x2  
  59  11:39  Sentry x2  
Show
View Real Time Build Order
Export as new Build Order

Gerald Protoss - Winner!

Build Orders: Oracle Opening 

Get SALT Encoding   

  12  0:00  Probe  
  13  0:13  Probe  
  14  0:17  Pylon  
  14  0:25  Probe (Chrono Boost)  
  16  0:37  Probe (Chrono Boost)  
  16  0:38  Gateway  
  16  0:43  Probe (Chrono Boost)  
  16  0:45  Assimilator  
  17  0:51  Probe  
  17  0:55  Assimilator  
  18  1:03  Probe (Chrono Boost)  
  19  1:06  Gateway  
  19  1:12  Probe (Chrono Boost)  
  19  1:17  Probe (Chrono Boost)  
  21  1:25  Cybernetics Core  
  21  1:30  Probe  
  22  1:40  Pylon  
  22  1:42  Probe  
  23  1:58  Probe  
  24  2:03  Stargate  
  24  2:05  Adept x2  
  28  2:09  Warp Gate  
  28  2:12  Probe  
  29  2:17  Pylon  
  29  2:24  Probe  
  29  2:44  Oracle (Chrono Boost)  
  29  2:47  Gateway  
  32  2:56  Robotics Facility  
  32  2:58  Shield Battery  
  32  3:06  Stalker  
  34  3:21  Stalker  
  29  3:41  Immortal (Chrono Boost)  
  29  3:43  Shield Battery  
  29  3:45  Shield Battery  
  33  3:54  Pylon  
  33  3:57  Adept  
  33  3:58  Adept  
  37  4:04  Sentry  
  37  4:08  Pylon  
  39  4:12  Warp Prism (Chrono Boost)  
  41  4:26  Sentry  
  41  4:29  Stalker  
  41  4:49  Immortal  
  45  4:58  Stalker  
  47  5:11  Pylon, Stalker  
  47  5:14  Zealot  
  47  5:20  Gateway  
  49  5:34  Stalker  
  51  5:40  Stalker  
  53  5:57  Stalker  
  54  6:17  Pylon  
  53  6:19  Stalker  
  55  6:28  Pylon  
  55  6:34  Phoenix (Chrono Boost)  
  55  6:36  Immortal  
  61  6:53  Adept x3  
  55  7:17  Immortal (Chrono Boost)  
  59  7:39  Stalker x3  
  65  7:50  Immortal  
  67  8:03  Zealot  
  67  8:04  Zealot  
  65  8:14  Zealot  
  65  8:26  Phoenix (Chrono Boost)  
  65  8:54  Adept x3  
  71  9:03  Pylon  
  71  9:24  Sentry x2  
  73  9:25  Sentry  
  77  9:31  Phoenix (Chrono Boost)  
  79  9:59  Pylon, Zealot x2  
  79  10:34  Observer  
  80  10:48  Adept x3  
  86  10:52  Pylon  
  86  11:11  Sentry  
  88  11:22  Sentry, Zealot  

Tags
 
Add a new tag
Caveats
  • Supply blocks, unpowered buildings, or Contaminate may cause inaccurate times.
  • Supply counts are checked every 10 seconds.